[Event "Late-Titled-Tuesday-Blitz-October-10-2023"]
[Site "Chess.com"]
[Date "2023.10.10"]
[Round "8"]
[White "Battever"]
[Black "wadsy27"]
[Result "1/2-1/2"]
[WhiteElo "2528"]
[BlackElo "2642"]
[TimeControl "180+1"]
[EndTime "15:24:27 PDT"]
[Termination "Game drawn by repetition"]

1. Nf3 d5 2. g3 c6 3. Bg2 Nf6 4. O-O Bf5 5. d3 e6 6. Nbd2 h6 7. Qe1 Bh7 8. e4 Be7 9. a4 a5 10. b3 O-O 11. Bb2 Na6 12. Qe2 Nb4 13. Rac1 Nd7 14.
Ne5 Nxe5 15. Bxe5 Bf6 16. Nf3 Bxe5 17. Nxe5 Na2 18. Rce1 Nc3 19. Qd2 d4 20. f4 f6 21.
Nf3 Qd7 22. Bh3 Rae8 23. Nh4 g5 24. Nf3 c5 25. fxg5 hxg5 26. e5 f5 27. Qxg5+ Qg7 28.
Qxg7+ Kxg7 29. Nd2 Bg6 30. Bg2 b6 31. Nc4 Rb8 32. Bf3 Rh8 33. Kg2 Kf7 34. h4 Ke7 35. Rh1 Bh5 36. Bxh5 Rxh5 37. Kf3 Nd5 38. Ke2 Rg8 39.
Reg1 Rg4 40. Kf3 Rh8 41. h5 Rg5 42. h6 Rg6 43. h7 Rg7 44. g4 fxg4+ 45. Rxg4 Rgxh7 46. Rxh7+ Rxh7 47. Rg8 Rh2 48. Rg7+ Kf8 49. Rb7 Rxc2 50.
Nxb6 Nb4 51. Nd7+ Ke8 52. Nf6+ Kd8 53. Rd7+ Kc8 54. Rd6 Nxd3 55. Rxe6 Nb4 56. Re8+ Kc7 57. e6 d3 58. e7 Re2 59. Ne4 Kd7 60. Nf6+ Ke6 61. Ne4 Re1 62. Nxc5+ Kf7 63. Rd8 Kxe7 64. Rd4 Rf1+ 65. Ke3 Re1+ 66. Kf3 Rd1 67. Ke3 Re1+ 68.
Kf3 1/2-1/2

[Event "Late-Titled-Tuesday-Blitz-October-10-2023"]
[Site "Chess.com"]
[Date "2023.10.10"]
[Round "8"]
[White "IMGC"]
[Black "chosenpr"]
[Result "1-0"]
[WhiteElo "2412"]
[BlackElo "2267"]
[TimeControl "180+1"]
[EndTime "15:24:27 PDT"]
[Termination "IMGC won by checkmate"]

1. d4 Nf6 2. Nf3 e6 3. e3 c5 4.
Be2 b6 5. O-O Bb7 6. b3 cxd4 7.
exd4 Be7 8. Bb2 O-O 9. c4 d6 10. Nc3 Nbd7 11. h3 Re8 12. Re1 Rc8 13. Bd3 Nf8 14.
Qe2 Ng6 15. Bxg6 hxg6 16. Rad1 Qc7 17. Qe3 a6 18. Qf4 d5 19. Ne5 dxc4 20. bxc4 b5 21. cxb5 axb5 22. Nxb5 Qc2 23. Rd2 Qa4 24. Nc3 Qa8 25. f3 Bb4 26. Rc2 Red8 27. Rd1 Rc7 28. Nd3 Bd6 29. Qe3 Nd5 30. Qd2 Rdc8 31. Rdc1 Nb4 32. Nxb4 Bxb4 33. Qd3 Ba6 34. Qe3 Qa7 35. Qf2 Rc4 36. Ne4 R8c6 37. a3 Ba5 38. Rxc4 Bxc4 39. Nc5 Bd5 40. Bc3 Bb6 41. Bb4 Rc8 42. Qe3 Qb8 43. Kh1 Bc7 44. Na6 Bf4 45. Rxc8+ Qxc8 46. Qxf4 Qxa6 47. Qd2 Qf1+ 48. Kh2 Qc4 49. a4 Bc6 50. a5 Bb5 51. Bc3 Qf1 52. Qb2 Be2 53.
Qb8+ Kh7 54. Qg3 Qc1 55. Bb4 Bc4 56. Bc5 Qa1 57. Bb6 Bd5 58. Qh4+ Kg8 59. Qf4 Qa2 60. Qb8+ Kh7 61. Qf4 Qb2 62. Kg3 Kg8 63. h4 Kh7 64. Bc5 Qc2 65. a6 Qa4 66. a7 Kg8 67. Qg5 Kh7 68.
h5 gxh5 69. Qxh5+ Kg8 70. Qg5 g6 71. Bd6 Kh7 72. Be5 Qxa7 73. Qh4+ Kg8 74. Qh8# 1-0

[Event "Late-Titled-Tuesday-Blitz-October-10-2023"]
[Site "Chess.com"]
[Date "2023.10.10"]
[Round "8"]
[White "BardArtem"]
[Black "koncheto"]
[Result "0-1"]
[WhiteElo "2759"]
[BlackElo "2518"]
[TimeControl "180+1"]
[EndTime "15:24:38 PDT"]
[Termination "koncheto won by checkmate"]

1. e4 c5 2. c3 Nf6 3. e5 Nd5 4. Nf3 e6 5. Bc4 Nb6 6. Bb3 d6 7. exd6 Bxd6 8. d4 O-O 9. O-O Nc6 10. Re1 cxd4 11. cxd4 Bd7 12. Nc3 Rc8 13. Bg5 Be7 14. Bf4 Nb4 15. Rc1 Bc6 16. Ne5 Bd5 17. Nxd5 N4xd5 18. Bg3 Rxc1 19. Qxc1 Qc8 20. Qb1 Bf6 21. h3 Qd8 22. Qe4 Ne7 23. Nxf7 Rxf7 24. Bxe6 Kf8 25. Qxh7 Ng8 26. d5 Nc8 27. d6 Nxd6 28. Rd1 Be7 29.
Bxf7 Kxf7 30. Qh5+ Kf8 31. Qf5+ Nxf5 32. Rxd8+ Bxd8 33. Bb8 Nfe7 34. Bxa7 b6 35. Bb8 Nc6 36. Bd6+ Kf7 37.
Kf1 Ke6 38. Bf4 Nf6 39. Ke2 Kf5 40. Bd2 Ne4 41. Be1 Be7 42. f3 Nd6 43. a4 Nb7 44. Bf2 Nc5 45. b3 Bf6 46. Be3 Nd4+ 47. Kf2 Ndxb3 48.
g4+ Ke6 49. g5 Be7 50. f4 Kf5 51. Kf3 Nxa4 52. h4 Nac5 53. h5 b5 54. h6 gxh6 55.
gxh6 Kg6 56. f5+ Kxf5 57. Bf2 Bf6 58. h7 Kg6 59. h8=Q Bxh8 60. Ke2 Bd4 61. Be1 Kf5 62.
Kf3 Ke5 63. Bg3+ Kd5 64. Bh4 Kc4 65. Be1 Bc3 66. Bh4 Nd2+ 67. Ke2 b4 68. Kd1 b3 69. Bf6 Bxf6 70. Ke2 b2 71. Kf2 b1=Q 72. Ke3 Qd3+ 73.
Kf4 Qe4+ 74. Kg3 Qf3+ 75. Kh2 Nce4 76. Kg1 Qf2+ 77. Kh1 Ng3# 0-1

[Event "Late-Titled-Tuesday-Blitz-October-10-2023"]
[Site "Chess.com"]
[Date "2023.10.10"]
[Round "8"]
[White "dretch"]
[Black "frederiksvane"]
[Result "0-1"]
[WhiteElo "2853"]
[BlackElo "2917"]
[TimeControl "180+1"]
[EndTime "15:24:41 PDT"]
[Termination "frederiksvane won by resignation"]

1. d4 Nf6 2. c4 e6 3. Nc3 Bb4 4. Qc2 d5 5. cxd5 exd5 6. Bg5 h6 7. Bxf6 Qxf6 8. a3 Bxc3+ 9. Qxc3 O-O 10. e3 c6 11. Ne2 Bf5 12. Ng3 Bg6 13. Be2 Nd7 14. O-O Rfe8 15. b4 a6 16. Rac1 Rac8 17. a4 Qg5 18. f4 Qe7 19. f5 Bh7 20. Rf3 Nf6 21.
Bd3 Qd7 22. h3 Re7 23. Rcf1 Qd6 24. Qc5 Qc7 25. b5 cxb5 26. Qxc7 Rcxc7 27. axb5 Rc3 28. Be2 axb5 29. Rb1 Ne4 30. Nf1 Nd6 31. g4 g6 32.
f6 Re6 33. Bxb5 g5 34. Rb2 Be4 35. Rff2 Kh7 36. Be2 Rc1 37. Kh2 Kg6 38. Rb6 Rc6 39. Rxc6 bxc6 40. Ng3 Rxf6 41. Rxf6+ Kxf6 42. Kg1 Bg6 43.
Kf1 Ke6 44. Ke1 Nb7 45. Bd1 c5 46. dxc5 Nxc5 47. Kf2 Ke5 48. Bf3 Nd3+ 49. Ke2 Nc5 50. Kf2 Bd3 51. Kg2 f6 52. Kf2 Bc4 53. Kg2 Bd3 54.
Kf2 Bg6 55. Be2 Kd6 56. Bb5 Nd7 57. Be2 Ne5 58. Bf3 Nxf3 59. Kxf3 Ke5 60. Kf2 f5 61. Kf3 f4 62. Ne2 Be4+ 63. Kf2 fxe3+ 64. Kxe3 Bg2 65. Ng1 d4+ 66. Kf2 Bd5 67. Ne2 Ke4 68. Ng3+ Kd3 69. Ke1 Kc3 70. Ne2+ Kc4 71. Kd2 Bg2 72. Ng3 Bxh3 73. Nf5 Bxg4 74. Nxh6 Be6 75. Ke2 Kc3 76. Kd1 d3 77. Kc1 d2+ 78. Kd1 Bb3+ 0-1

[Event "Late-Titled-Tuesday-Blitz-October-10-2023"]
[Site "Chess.com"]
[Date "2023.10.10"]
[Round "8"]
[White "Ali_rastbod"]
[Black "WPWPWP-2015"]
[Result "1-0"]
[WhiteElo "2753"]
[BlackElo "2537"]
[TimeControl "180+1"]
[EndTime "15:24:59 PDT"]
[Termination "Ali_rastbod won on time"]

1. Nf3 Nf6 2. g3 d5 3. Bg2 Bg4 4. c4 e6 5. Qb3 Nbd7 6. cxd5 exd5 7.
Qxb7 Bd6 8. Nd4 O-O 9. Nc3 Nc5 10. Qb5 a5 11. Nxd5 Rb8 12. Qc4 Nxd5 13. Qxd5 Re8 14.
O-O Qf6 15. Bf3 Bd7 16. d3 h6 17. Nc2 Ba4 18. b3 Bb5 19. Rb1 Rbd8 20. Qh5 Re5 21.
Bb2 Ne6 22. Bxe5 Bxe5 23. a4 Bd7 24. Ne3 Bd6 25. Ng4 Qc3 26. Rfc1 Qd2 27. Rd1 Qc3 28. Rbc1 Qb2 29. Qxa5 Ng5 30. Qd2 Qxb3 31. Ne3 Qxa4 32. Bg2 Be6 33. Nc4 Bb4 34. Qc2 Qd7 35. Ne5 Qd6 36. Nc6 Re8 37. Nxb4 Qxb4 38. Qxc7 Qb2 39. Qc2 Qe5 40. d4 Qf6 41. f4 Nh7 42. e4 Bg4 43. Rd2 Nf8 44. e5 Qb6 45. Qc5 Qa6 46. d5 Rc8 47.
Qxc8 Bxc8 48. d6 Bd7 49. h3 g6 50. Kh2 h5 51. Rc7 Qa5 52. Rf2 h4 53. gxh4 Qe1 54.
Rf3 Qxh4 55. Rf1 Qd8 56. Kg1 Qh4 57. Kh2 Qd8 58. Rfc1 Kg7 59. R1c4 Qe8 60. Rd4 Qd8 61.
Rc3 Ne6 62. Rb4 Qh4 63. Rf3 Nf8 64. Rfb3 Be6 65. f5 gxf5 66. Rxh4 Ng6 67. Rhb4 Nxe5 68. Re3 Nd7 69. Rf4 Kf6 70. Rf1 Ne5 71. Ree1 Nc4 72. Rd1 Ne3 73. Rfe1 Nxd1 74. Rxd1 Bd7 75. Kg3 Ke5 76.
Re1+ Kxd6 77. Kf4 f6 78. Bf3 Be6 79. h4 Bf7 80. Kxf5 Bg8 81. Kxf6 1-0

[Event "Late-Titled-Tuesday-Blitz-October-10-2023"]
[Site "Chess.com"]
[Date "2023.10.10"]
[Round "8"]
[White "realmadridfc123"]
[Black "Fandorine"]
[Result "1-0"]
[WhiteElo "2825"]
[BlackElo "2919"]
[TimeControl "180+1"]
[EndTime "15:25:09 PDT"]
[Termination "realmadridfc123 won by resignation"]

1. c4 e6 2. Nc3 d5 3. d4 Be7 4.
Nf3 Nf6 5. e3 O-O 6. Bd3 b6 7.
O-O Bb7 8. b3 Nbd7 9. Bb2 Ne4 10. Qe2 f5 11. Rfd1 a6 12. Ne5 Nxe5 13. dxe5 Qc8 14.
Rac1 Nxc3 15. Bxc3 c5 16. Bb2 dxc4 17. Bxc4 Qc6 18.
f3 b5 19. Bd3 Rad8 20. Rd2 Rd7 21. Rcd1 Rfd8 22. Bc2 Rxd2 23. Rxd2 Rxd2 24. Qxd2 Qd5 25. Qa5 Bd8 26. Qc3 Bb6 27. Kf2 a5 28. Kg3 b4 29.
Qd3 Qxd3 30. Bxd3 Kf7 31. Bb5 Ke7 32. Kf4 Bc8 33. g4 fxg4 34. Kxg4 Bd7 35. Bc4 Bc6 36. e4 a4 37. Bc1 h6 38. Kf4 a3 39. Ke3 g5 40. Kf2 Bc7 41. Be3 Bxe5 42. Bxc5+ Bd6 43. Bd4 e5 44. Be3 Kf6 45. Kg3 Bd7 46. h4 Be7 47. hxg5+ hxg5 48. Bd2 Kg6 49. Bd5 Bc5 50. Bc4 Kf6 51.
Bd3 Be6 52. Bc2 Bf7 53. Kg2 Bg6 54. Be1 Bh5 55. Bd3 g4 56. Be2 gxf3+ 57. Bxf3 Bxf3+ 58. Kxf3 Kg5 59. Bg3 Kf6 60. Ke2 Bd4 61. Kd3 Bc3 62.
Kc4 Kg5 63. Kd5 Kf6 64. Kd6 Bd4 65. Kd5 Bc3 66. Bf2 Kg5 67. Bc5 Kf4 68. Bd6 Ke3 69.
Bxe5 Kd3 70. Bd6 Kc2 71. e5 Kb1 72. e6 Bf6 73. Bxb4 Kxa2 74. Kc4 Kb2 75. Bxa3+ Kxa3 76. b4 Ka4 77. b5 Ka5 78. Kc5 Bd8 79. Kc6 Bg5 80.
b6 Ka6 81. b7 Ka7 82. Kc7 Bf4+ 83. Kc8 Bd6 84. e7 1-0

[Event "Late-Titled-Tuesday-Blitz-October-10-2023"]
[Site "Chess.com"]
[Date "2023.10.10"]
[Round "8"]
[White "alexrustemov"]
[Black "Mackster23"]
[Result "1/2-1/2"]
[WhiteElo "2823"]
[BlackElo "2675"]
[TimeControl "180+1"]
[EndTime "15:25:10 PDT"]
[Termination "Game drawn by repetition"]

1. d4 Nf6 2. c4 g6 3. Nf3 Bg7 4. g3 O-O 5. Bg2 d6 6. Nc3 Nbd7 7. O-O e5 8. e4 c6 9. h3 Qa5 10. Be3 exd4 11. Nxd4 Nb6 12. Qd3 Qa6 13. b3 d5 14.
exd5 Nbxd5 15. Nxd5 Nxd5 16. Bd2 c5 17. Bxd5 Bxd4 18.
Bc3 Bxh3 19. Rfe1 Bf5 20. Qd2 Qf6 21. Rac1 Rab8 22. Red1 Bxc3 23. Rxc3 b6 24. Re3 Rfe8 25.
Rde1 Rxe3 26. Qxe3 h5 27. Qe7 Kg7 28. Qxa7 Rf8 29.
Qe7 h4 30. gxh4 Rh8 31. Qxf6+ Kxf6 32. a3 Be6 33. Bxe6 fxe6 34. Re4 Kf5 35. f3 Rd8 36. Kf2 Rd3 37. Re3 Rd2+ 38. Kg3 Rd1 39. b4 Rg1+ 40. Kf2 Rc1 41. Re4 Rc3 42. bxc5 bxc5 43. Rg4 Kf6 44. Rg5 Rxc4 45. Kg3 e5 46. Rg4 Rc3 47. Ra4 c4 48. Kg4 Rc1 49. Ra6+ Kf7 50. Rc6 Rc3 51. a4 Rc1 52. Kg3 Ra1 53. Rxc4 Kf6 54. Kf2 Kf5 55. Ke3 Ra3+ 56. Ke2 Ra2+ 57. Kd3 Ra3+ 58. Kc2 Rxf3 59. Kb2 Rf2+ 60. Kb3 Rf1 61. Rc2 e4 62. Ra2 Rb1+ 63.
Kc4 Rb7 64. a5 Kg4 65. a6 Ra7 66. Kb5 Kxh4 67. Re2 Kg3 68. Rxe4 g5 69. Kb6 Ra8 70.
Kb7 Rg8 71. Rc4 Rg7+ 72. Rc7 Rg8 73. a7 g4 74. Rc8 Rg7+ 75. Rc7 Rg8 76. Rc8 Rg7+ 77.
Kb6 Rxa7 78. Kxa7 Kh2 79. Rh8+ Kg2 80. Kb6 g3 81. Kc5 Kf2 82. Rf8+ Ke1 83. Re8+ Kf2 84. Rf8+ Ke3 85. Rg8 Kf2 86. Kd4 g2 87. Rf8+ Ke2 88.
Rg8 Kf2 89. Rf8+ Ke2 90. Re8+ Kf2 91. Rf8+ 1/2-1/2

[Event "Late-Titled-Tuesday-Blitz-October-10-2023"]
[Site "Chess.com"]
[Date "2023.10.10"]
[Round "8"]
[White "GoldenShare"]
[Black "GaiozNigalidze"]
[Result "0-1"]
[WhiteElo "2529"]
[BlackElo "2730"]
[TimeControl "180+1"]
[EndTime "15:25:11 PDT"]
[Termination "GaiozNigalidze won by resignation"]

1. e4 c5 2. Nc3 Nc6 3. Bb5 g6 4. Bxc6 bxc6 5. f4 Bg7 6. Nf3 d6 7. O-O Bg4 8. d3 Nf6 9. Qe1 Bxf3 10. Rxf3 Qb6 11. Kh1 Qb4 12. a3 Qa5 13. Bd2 Nd7 14. Nd5 Qd8 15. Ba5 Nb6 16. Bc3 Bxc3 17. Nxc3 Qd7 18.
f5 e5 19. Qh4 Qe7 20. Qh3 Nd7 21. Raf1 g5 22. f6 Qe6 23. Qh6 g4 24. Rf5 O-O-O 25. Nd1 Rdg8 26. Ne3 Rg6 27. Qh4 h5 28. b4 Kb7 29.
Qf2 g3 30. hxg3 Rhg8 31. Rb1 cxb4 32. Rxb4+ Ka8 33. Kh2 Rxg3 34. Qxg3 Rxg3 35. Kxg3 Nb6 36. Rb1 Qa2 37. Rbf1 Qxa3 38. Rxh5 Qc5 39. Kf3 Nd7 40.
Rf5 Kb7 41. g4 a5 42. g5 a4 43. Nc4 Kc7 44. Ke2 d5 45. Ne3 a3 46. R5f2 Qc3 47. exd5 a2 48. d6+ Kxd6 49. Nc4+ Kc7 50. g6 fxg6 51. f7 a1=Q 52. Rxa1 Qxa1 53. f8=Q Nxf8 54. Rxf8 Qg1 55. Rf7+ Kd8 56. Rf2 Qg4+ 57. Ke1 e4 58.
Ne3 Qg1+ 59. Ke2 exd3+ 60. cxd3 Qg5 61. Nc4 Qh5+ 62. Kd2 Ke7 63. Ne3 Kd8 64. Nc4 Qg5+ 65. Ne3 Qa5+ 66. Ke2 g5 67. Rg2 Ke7 68. Rg4 Kf6 69. Re4 Qa2+ 70. Kf3 Qb1 71. Ng4+ Kg6 72. Kf2 Kg7 73. Re3 Qc2+ 74. Kf3 Qd1+ 75. Re2 Qxd3+ 76. Re3 Qf5+ 77. Kg3 Qf4+ 78. Kh3 Qf1+ 79. Kg3 c5 80. Rf3 Qg1+ 81. Kh3 c4 82. Nf2 c3 83. Nd3 g4+ 0-1

[Event "Late-Titled-Tuesday-Blitz-October-10-2023"]
[Site "Chess.com"]
[Date "2023.10.10"]
[Round "8"]
[White "Cayse"]
[Black "Polish_fighter3000"]
[Result "1/2-1/2"]
[WhiteElo "2870"]
[BlackElo "3051"]
[TimeControl "180+1"]
[EndTime "15:26:02 PDT"]
[Termination "Game drawn - insufficient material"]

1. e4 c6 2. Nf3 d5 3. d3 Qc7 4.
Nc3 dxe4 5. Nxe4 Nf6 6. Qe2 Nbd7 7. g3 Nxe4 8. Qxe4 Nf6 9. Qe2 Bg4 10. Bg2 e6 11. h3 Bxf3 12. Bxf3 Be7 13. Bf4 Bd6 14. Bd2 O-O 15. O-O-O a5 16. Kb1 a4 17. d4 Rfe8 18. Rhe1 e5 19. Qd3 exd4 20. Rxe8+ Rxe8 21. Qxd4 a3 22. Be3 Be5 23. Qb6 Qxb6 24. Bxb6 Bxb2 25. c4 g6 26. Kc2 h5 27. Kb3 Kg7 28. Rd8 Rxd8 29. Bxd8 Nd7 30. Be7 Bd4 31. g4 hxg4 32.
Bxg4 f5 33. Be2 Bxf2 34. Bxa3 Bc5 35. Bb2+ Kf7 36. a4 Ke6 37. a5 Be3 38. Bf3 Nc5+ 39.
Kc2 Bf2 40. Bc3 Na6 41. Kb3 Bg3 42. Bd4 Bc7 43. Ka4 Be5 44. Bb6 Bc3 45. h4 Ke5 46. h5 g5 47. Kb3 Ba1 48. Ka2 g4 49. Bxg4 fxg4 50. Kxa1 Kf5 51. Be3 g3 52. Kb2 Nc7 53.
Kc3 Ne6 54. Kd3 Nf4+ 55. Kd4 Nxh5 56. Kc5 Ke4 57. Bg1 Nf4 58. Kb6 Ne2 59. Kxb7 Nxg1 60.
a6 g2 61. a7 Nf3 62. a8=Q g1=Q 63. Kxc6 Qd4 64. Kc7+ Kf4 65. Qd5 Qg7+ 66. Kb6 Qf6+ 67. Kb5 Nd4+ 68. Kc5 Ne6+ 69. Kb4 Qb2+ 70. Ka5 Qa3+ 71.
Kb6 Qb4+ 72. Kc6 Ng5 73. Qd4+ Kf5 74. Qd3+ Ke5 75. Qd5+ Kf6 76. c5 Ne6 77. Qd6 Qa4+ 78. Kd5 Qd4+ 79. Kc6 Qa4+ 80. Kb6 Qb3+ 81. Kc6 Qf3+ 82.
Kb6 Qe3 83. Qd5 Qc3 84. c6 Qb4+ 85. Ka7 Qa4+ 86. Kb7 Qb4+ 87. Kc8 Qf8+ 88. Kb7 Qe7+ 89. Kb6 Qb4+ 90. Qb5 Qd4+ 91. Kb7 Qd6 92. Qf1+ Ke7 93.
Qe2 Qc7+ 94. Ka6 Qxc6+ 95. Ka5 Qb7 96. Ka4 Qb6 97. Ka3 Kd7 98. Qd3+ Nd4 99. Qc4 Nb5+ 100. Ka2 Qa5+ 101. Kb2 Qa3+ 102. Kc2 Nd6 103. Qd5 Qa4+ 104. Qb3 Qe4+ 105. Qd3 Qg2+ 106. Qd2 Qa8 107. Qd3 Qa2+ 108. Kc1 Qf2 109. Kd1 Kc6 110. Qc2+ Qxc2+ 111. Kxc2 1/2-1/2

[Event "Late-Titled-Tuesday-Blitz-October-10-2023"]
[Site "Chess.com"]
[Date "2023.10.10"]
[Round "9"]
[White "orestn"]
[Black "Horokoskii"]
[Result "1-0"]
[WhiteElo "2395"]
[BlackElo "2117"]
[TimeControl "180+1"]
[EndTime "15:35:03 PDT"]
[Termination "orestn won by resignation"]

1. e4 e6 2. d4 d5 3. e5 c5 4. c3 Nc6 5. Nf3 Bd7 6. Bd3 Qb6 7. O-O cxd4 8. a3 Nge7 9. b4 Nf5 10. Bxf5 exf5 11.
cxd4 Rc8 12. Nc3 Be6 13. Na4 Qb5 14. Nc5 b6 15. Nxe6 fxe6 16. Ng5 Nd8 17. Be3 Be7 18. Qh5+ g6 19. Qh6 Bf8 20. Qh3 Nf7 21. Nxe6 Qd3 22. Rac1 Rxc1 23. Rxc1 Be7 24. Nc7+ Kd7 25. Nxd5 1-0

[Event "Late-Titled-Tuesday-Blitz-October-10-2023"]
[Site "Chess.com"]
[Date "2023.10.10"]
[Round "9"]
[White "Javylavilla"]
[Black "ferrufino64"]
[Result "1-0"]
[WhiteElo "2342"]
[BlackElo "2204"]
[TimeControl "180+1"]
[EndTime "15:35:14 PDT"]
[Termination "Javylavilla won by resignation"]

1. e4 c5 2. Nf3 d6 3. d4 cxd4 4. Nxd4 Nf6 5. Nc3 g6 6. Be3 Nc6 7. f3 Bg7 8. Qd2 O-O 9. Bc4 Nxd4 10. Bxd4 Be6 11. Bxe6 fxe6 12. O-O-O Qa5 13. h4 Nh5 14. Bxg7 Kxg7 15. g4 Ng3 16. Rhg1 Rxf3 17. h5 Rc8 18. Qd4+ e5 19. Qd5 Rcxc3 20. Qxa5 1-0

[Event "Late-Titled-Tuesday-Blitz-October-10-2023"]
[Site "Chess.com"]
[Date "2023.10.10"]
[Round "9"]
[White "koncheto"]
[Black "Byniolus"]
[Result "1-0"]
[WhiteElo "2530"]
[BlackElo "2694"]
[TimeControl "180+1"]
[EndTime "15:35:29 PDT"]
[Termination "koncheto won by resignation"]

1. e4 d6 2. d4 e6 3. Bd3 c6 4. c3 f6 5. f4 b6 6. Nf3 a6 7. O-O g6 8. Be3 Ne7 9. Qe2 h6 10. Nbd2 Bg7 11. e5 dxe5 12. dxe5 f5 13. Nc4 Nd5 14.
Nd6+ Kf8 15. Rad1 Bd7 16. c4 Nxe3 17. Qxe3 c5 18. g3 Nc6 19. Be2 Qe7 20. Nh4 Be8 21. Bf3 g5 22. Bxc6 1-0

[Event "Late-Titled-Tuesday-Blitz-October-10-2023"]
[Site "Chess.com"]
[Date "2023.10.10"]
[Round "9"]
[White "Fandorine"]
[Black "Ramosha"]
[Result "1-0"]
[WhiteElo "2922"]
[BlackElo "2625"]
[TimeControl "180+1"]
[EndTime "15:35:31 PDT"]
[Termination "Fandorine won by resignation"]

1. g3 e5 2. c4 Nf6 3. Bg2 d5 4. cxd5 Nxd5 5. Nf3 Nc6 6. O-O Be7 7. d4 e4 8. Ne5 Nxe5 9. dxe5 Bf5 10. Bxe4 Bxe4 11. Qa4+ c6 12. Qxe4 O-O 13. Rd1 Re8 14. Qc2 Qb6 15. Nc3 Nb4 16. Qf5 g6 17. Qf3 Nc2 18. Rb1 Nd4 19. Qg4 Bc5 20. b4 Nxe2+ 21. Qxe2 Bd4 22.
Na4 Re6 1-0

[Event "Late-Titled-Tuesday-Blitz-October-10-2023"]
[Site "Chess.com"]
[Date "2023.10.10"]
[Round "9"]
[White "arminmusovic"]
[Black "wild3000"]
[Result "1-0"]
[WhiteElo "2491"]
[BlackElo "2315"]
[TimeControl "180+1"]
[EndTime "15:35:40 PDT"]
[Termination "arminmusovic won by resignation"]

1. a3 c5 2. Nc3 d5 3. e4 d4 4.
Nce2 e5 5. Ng3 Nc6 6. Bb5 Bd7 7. Bxc6 Bxc6 8. d3 Bd6 9. N1e2 Ne7 10. O-O O-O 11. f4 exf4 12. Bxf4 Qc7 13. Qd2 Bxf4 14. Rxf4 Ng6 15. Rf2 Rad8 16. Raf1 f6 17. Nf5 Qe5 18.
Neg3 c4 19. Nh5 Rf7 20. Nfxg7 Rxg7 21. Nxg7 Kxg7 22. Rxf6 cxd3 23. Rf7+ Kh8 24. Qh6 1-0

[Event "Late-Titled-Tuesday-Blitz-October-10-2023"]
[Site "Chess.com"]
[Date "2023.10.10"]
[Round "9"]
[White "temus_galaktionov"]
[Black "NateSolon"]
[Result "1-0"]
[WhiteElo "2871"]
[BlackElo "2588"]
[TimeControl "180+1"]
[EndTime "15:35:42 PDT"]
[Termination "temus_galaktionov won by resignation"]

1. d4 d5 2. c4 c6 3. Nf3 Nf6 4. Qb3 dxc4 5. Qxc4 Bf5 6. Nc3 e6 7. g3 Be7 8. Bg2 O-O 9. O-O Nbd7 10. Qb3 Qb6 11. Nd2 e5 12. d5 cxd5 13. Nxd5 Nxd5 14. Bxd5 Rac8 15. Bxb7 Rc2 16. Bd5 Nc5 17. Qf3 Bg6 18.
Nc4 Qc7 19. Na3 e4 20. Qe3 1-0

[Event "Late-Titled-Tuesday-Blitz-October-10-2023"]
[Site "Chess.com"]
[Date "2023.10.10"]
[Round "9"]
[White "hansen"]
[Black "Djager97"]
[Result "1-0"]
[WhiteElo "2903"]
[BlackElo "2624"]
[TimeControl "180+1"]
[EndTime "15:36:35 PDT"]
[Termination "hansen won by resignation"]

1. a3 e5 2. c4 Nf6 3. Nc3 g6 4.
Nf3 d6 5. b4 Bg7 6. Bb2 O-O 7. e3 c6 8. d3 Re8 9. Be2 d5 10. O-O Bg4 11. h3 Bxf3 12. Bxf3 e4 13. Be2 dxc4 14. dxc4 Qc7 15. Qc2 Nbd7 16. Rad1 Rad8 17.
c5 h5 18. Rd2 Nf8 19. Rxd8 Qxd8 20. Rd1 Qc7 21. Bc4 h4 22. Ne2 Nh5 23. Rd6 Bxb2 24.
Qxb2 Ng7 25. Nf4 Nf5 26. Nxg6 1-0

[Event "Late-Titled-Tuesday-Blitz-October-10-2023"]
[Site "Chess.com"]
[Date "2023.10.10"]
[Round "9"]
[White "Levanzovsky"]
[Black "bettercallcafu"]
[Result "0-1"]
[WhiteElo "2453"]
[BlackElo "2660"]
[TimeControl "180+1"]
[EndTime "15:36:50 PDT"]
[Termination "bettercallcafu won by resignation"]

1. e4 e6 2. d4 d5 3. e5 c5 4. c3 Nc6 5. Nf3 Qb6 6. a3 c4 7. Be2 Bd7 8. Nbd2 f5 9. Rb1 Qc7 10. O-O Nge7 11. b4 h6 12. Ne1 O-O-O 13. a4 g5 14. a5 f4 15. Bh5 Nf5 16. Ra1 Nce7 17.
Nc2 Ng7 18. Na3 Nxh5 19. Qxh5 Be8 20. Qg4 Nf5 21. Bb2 Be7 22. b5 h5 23. Qd1 Qd7 24. Qe2 g4 25. f3 Ne3 26. Rfb1 Bg6 27. Nf1 Bd3 28. Qf2 Nxf1 29. Rxf1 gxf3 30. Qxf3 Bxf1 31.
Kxf1 Rdf8 32. a6 b6 33. Nxc4 Qxb5 34. Qe2 Qxc4 0-1

[Event "Late-Titled-Tuesday-Blitz-October-10-2023"]
[Site "Chess.com"]
[Date "2023.10.10"]
[Round "9"]
[White "blueryder"]
[Black "falzehope0"]
[Result "0-1"]
[WhiteElo "2175"]
[BlackElo "2342"]
[TimeControl "180+1"]
[EndTime "15:36:57 PDT"]
[Termination "falzehope0 won by checkmate"]

1. e4 d5 2. d4 dxe4 3. Nc3 Nf6 4. f3 exf3 5. Nxf3 g6 6. Bc4 Bg7 7. O-O O-O 8. Qe1 c5 9. dxc5 Qa5 10. Bb3 Qxc5+ 11.
Be3 Qa5 12. Qh4 Qh5 13. Qg3 Nc6 14. Rad1 Ng4 15. Bf4 e5 16. Bc1 e4 17. Nxe4 Bf5 18.
Nd6 Bc8 19. h3 Qc5+ 20. Kh1 Nge5 21. Nxc8 Raxc8 22. Nxe5 Nxe5 23. Bf4 Rfd8 24. Rxd8+ Rxd8 25. Bxe5 Bxe5 26. Bxf7+ Kg7 27. Qf3 Rf8 28. Qb3 Qc7 29.
Bd5 Rxf1# 0-1

[Event "Late-Titled-Tuesday-Blitz-October-10-2023"]
[Site "Chess.com"]
[Date "2023.10.10"]
[Round "9"]
[White "maurovargas01"]
[Black "Alina_Gumerovna"]
[Result "1-0"]
[WhiteElo "1910"]
[BlackElo "2108"]
[TimeControl "180+1"]
[EndTime "15:37:03 PDT"]
[Termination "maurovargas01 won by checkmate"]

1. e4 e5 2. Nf3 Nf6 3. Nc3 Bb4 4.
Nd5 Nxd5 5. exd5 Bd6 6. Bc4 O-O 7.
d3 c6 8. O-O b5 9. Bb3 a5 10. a3 Qc7 11. Re1 Bb7 12. Bd2 cxd5 13. d4 e4 14. Ng5 Bxh2+ 15. Kh1 Bf4 16. Qh5 Bxg5 17. Bxg5 d6 18. Re3 f6 19. Rh3 fxg5 20.
Qxh7+ Kf7 21. Qxe4 Nd7 22. Re1 Nf6 23. Qe6+ Kg6 24.
c3 g4 25. Bc2+ Kg5 26. Qf5# 1-0

[Event "Late-Titled-Tuesday-Blitz-October-10-2023"]
[Site "Chess.com"]
[Date "2023.10.10"]
[Round "9"]
[White "Eloist"]
[Black "HajiyevKanan"]
[Result "1-0"]
[WhiteElo "2450"]
[BlackElo "2546"]
[TimeControl "180+1"]
[EndTime "15:37:04 PDT"]
[Termination "Eloist won by checkmate"]

1. e4 c6 2. Nf3 d5 3. Nc3 a6 4. d4 Bg4 5. h3 Bh5 6. g4 Bg6 7.
Ne5 dxe4 8. Nxg6 hxg6 9. Nxe4 Nf6 10. Bg2 Nxe4 11. Bxe4 Nd7 12. c4 Nf6 13. Bg2 e6 14. O-O Qc7 15. Qf3 Rd8 16. Be3 Bd6 17. Rfe1 Kf8 18.
Rab1 Qa5 19. a3 Qa4 20. Qe2 Qb3 21. Rbc1 Bb8 22. Rc3 Qa4 23. g5 Nh5 24. Qg4 Qa5 25. d5 Be5 26. dxe6 Bxc3 27. e7+ Kxe7 28. Bc5# 1-0

[Event "Late-Titled-Tuesday-Blitz-October-10-2023"]
[Site "Chess.com"]
[Date "2023.10.10"]
[Round "9"]
[White "rdarruda"]
[Black "Zampronha1971"]
[Result "0-1"]
[WhiteElo "2493"]
[BlackElo "2330"]
[TimeControl "180+1"]
[EndTime "15:37:08 PDT"]
[Termination "Zampronha1971 won by resignation"]

1. d4 Nf6 2. Nf3 e6 3. c4 c5 4. d5 exd5 5. cxd5 d6 6. Nc3 g6 7. e4 Bg7 8. Be2 O-O 9. O-O Re8 10. Nd2 a6 11. a4 Nbd7 12. Nc4 Nb6 13. f3 Nxc4 14. Bxc4 Rb8 15. Kh1 Nd7 16. Re1 Ne5 17.
Bf1 f5 18. Bf4 Nf7 19. Qd2 Bd7 20. exf5 Bxf5 21. Rxe8+ Qxe8 22. Re1 Qf8 23. a5 Re8 24. g4 Bd7 25. Kg2 Rxe1 26. Qxe1 Ne5 27. Bg3 Qxf3+ 28.
Kg1 Nxg4 29. Ne2 Be5 30. Bxe5 Nxe5 31. Qh4 Qg4+ 32. Qxg4 Bxg4 33. Nc3 Bf5 34. Kf2 Kf7 35. h3 Kf6 36. Ke3 h6 37. b3 g5 38. Na4 Bc2 39. Bc4 Nxc4+ 0-1

[Event "Late-Titled-Tuesday-Blitz-October-10-2023"]
[Site "Chess.com"]
[Date "2023.10.10"]
[Round "9"]
[White "Mikhail_Golubev"]
[Black "RIPOL"]
[Result "1-0"]
[WhiteElo "2585"]
[BlackElo "2430"]
[TimeControl "180+1"]
[EndTime "15:37:08 PDT"]
[Termination "Mikhail_Golubev won by resignation"]

1. e4 Nf6 2. e5 Nd5 3. d4 d6 4.
Nf3 g6 5. Bc4 Nb6 6. Bb3 Bg7 7.
a4 dxe5 8. a5 N6d7 9. dxe5 Nxe5 10. Qxd8+ Kxd8 11. Nxe5 Bxe5 12. Bxf7 e6 13. Bg5+ Kd7 14.
Ra3 Nc6 15. f4 Bd6 16. Rh3 Nd4 17. Bxg6 1-0